 Dungeon Crawl Stone Soup version 0.29-a0-555-g3b24f45cc1 (webtiles) character file.

Game seed: 8329729021629018916

10946 grumblor the Fighter (level 11, 0/100 HPs)
             Began as a Mummy Fighter on June 8, 2022.
             Was an Initiate of Gozag.
             Slain by a troll (1 damage)
             ... on level 11 of the Dungeon.
             The game lasted 00:24:34 (9222 turns).

grumblor the Fighter (Mummy Fighter)                Turns: 9222, Time: 00:24:35

Health: 0/100      AC: 18    Str: 23    XL:     11   Next: 42%
Magic:  11/11      EV:  7    Int:  7    God:    Gozag
Gold:   1560       SH:  5    Dex: 13    Spells: 10/10 levels left

rFire   x . .      SeeInvis .   a - +1 war axe
rCold   + + .      Faith    .   c - +0 buckler
rNeg    + + +      Spirit   .   i - +1 plate armour
rPois   ∞          Reflect  .   (no helmet)
rElec   .          Harm     .   j - +2 cloak
rCorr   .          Rampage  .   q - +0 pair of gloves
Will    +....                   b - +0 pair of boots
Stlth   ..........              g - amulet of regeneration
HPRegen 1.06/turn               v - ring of flight
MPRegen 0.12/turn               y - ring of protection from cold

@: gold aura, flying
A: cold resistance 1, negative energy resistance 3, torment resistance 2, heat
vulnerability 1, in touch with death 1, no potions
a: Renounce Religion, Potion Petition, Call Merchant, Bribe Branch


You were on level 11 of the Dungeon.
You worshipped Gozag.
Gozag was most pleased with you.
You visited 2 branches of the dungeon, and saw 12 of its levels.
You also visited: Bailey.

You collected 1681 gold pieces.
You paid 121 gold pieces to Gozag.

Inventory:

Hand Weapons
 a - a +1 war axe (weapon)
Missiles
 n - 2 throwing nets (quivered)
 w - 2 curare-tipped darts
 x - 7 boomerangs
 A - 10 poisoned darts
Armour
 b - a +0 pair of boots (worn)
 c - a +0 buckler (worn)
 i - a +1 plate armour (worn)
 j - a +2 cloak (worn)
 q - a +0 pair of gloves (worn)
Jewellery
 f - a ring of protection from fire
 g - an amulet of regeneration (around neck)
 v - a ring of flight (left hand)
 y - a ring of protection from cold (right hand)
Wands
 k - a wand of flame (25)
 p - a wand of paralysis (11)
 s - a wand of acid (2)
Scrolls
 d - a scroll of enchant armour
 e - a scroll of magic mapping
 h - 3 scrolls of enchant weapon
 l - a scroll of immolation {unknown}
 m - 3 scrolls of fog
 o - 4 scrolls of teleportation
 r - a scroll of silence
 t - 2 scrolls of poison {unknown}
 z - a scroll of acquirement {unknown}
 C - 2 scrolls of fear {unknown}
 D - a scroll of brand weapon {unknown}


   Skills:
 * Level 14.3 Fighting
 - Level 6.0 Axes
 - Level 2.0 Throwing
 - Level 4.0 Armour
 * Level 3.0 Dodging
 + Level 3.3 Shields
 * Level 5.1 Evocations


You had 10 spell levels left.
You didn't know any spells.
Your spell library contained the following spells:

 Spells                   Type           Power      Damage    Failure   Level
 Slow                     Hex            0%         N/A       100%        1
 Summon Small Mammal      Summ           0%         N/A       100%        1
 Call Canine Familiar     Summ           0%         N/A       100%        3
 Confusing Touch          Hex            0%         N/A       100%        3
 Summon Guardian Golem    Hex/Summ       0%         N/A       100%        3
 Vampiric Draining        Necr           0%         2d6       100%        3
 Petrify                  Tmut/Erth      0%         N/A       100%        4
 Irradiate                Conj/Tmut      0%         3d13      100%        5
 Sublimation of Blood     Necr           Unusable   N/A       N/A         2

Dungeon Overview and Level Annotations

Branches:
Dungeon (11/15)            Temple (1/1) D:6             Orc (0/2) D:10
 Bailey (visited)
   Lair: D:8-11

Altars:
Ashenzari
Cheibriados
Dithmenos
Elyvilon
Fedhas
Gozag
Hepliaklqana
Kikubaaqudgha
Makhleb
Nemelex Xobeh
Okawaru
Qazlal
Ru
Sif Muna
Trog
Uskayaw
Vehumet
Wu Jian
Xom
Yredelemnul
Zin
The Shining One

Shops:
D:6 (


Innate Abilities, Weirdness & Mutations

You are immune to poison.
Your flesh is cold resistant. (rC+)
You are immune to negative energy. (rN+++)
You are immune to unholy pain and torment.
You are vulnerable to heat. (rF-)
You are in touch with the powers of death.
You do not drink.


Message History

Throw: javelin
Press: ? - help, Q - select action, (/) - cycle Shift-Dir - straight line, f/p - warg
Aim: a warg (moderately wounded, 60% to hit)
You throw a javelin.
The javelin pierces through the warg but does no damage.
The warg is moderately wounded.
The javelin barely misses the troll.
The javelin pierces through the orc priest!
You kill the orc priest!
The javelin pierces through the orc priest!
You kill the orc priest!
The warg bites you but does no damage. x2
Unknown command.
Unknown command.
You slash the warg!
The warg is severely wounded.
You block the warg's attack.
The troll is distracted by your dazzling golden aura.
The warg bites you but does no damage.
The troll shouts!
You slash the warg!
You kill the warg!
The troll is no longer distracted by gold.
The orc is distracted by your dazzling golden aura.
You slash the troll!
The troll is severely wounded.
The orc is no longer distracted by gold.
The troll bites you.
* * * LOW HITPOINT WARNING * * *
You block the troll's attack. x2
You barely miss the troll.
The troll is severely wounded.
The troll bites you!
* * * LOW HITPOINT WARNING * * *
You block the troll's attack. The troll closely misses you.
The troll bites you but does no damage. The troll claws you.
* * * LOW HITPOINT WARNING * * *
The troll claws you.
You die...
Your body crumbles into a pile of gold.

#.# #.# #.# #.# #.#
##)## #.# #.... #.#
#.... #.# #.... #.#
#....
...########.########....
(($$o{T@................
....o######..#######....
... ##.# #.... . #.#
#.... #.# ##### #.# #.#
#######.## .........#


You could see a troll and 2 orcs.

Vanquished Creatures
  A hydra (D:10)
  2 vault guards (Bailey)
  A two-headed ogre (D:11)
  Pikel (D:4)
  A manticore (D:11)
  A gargoyle (D:11)
  A komodo dragon (D:11)
  Prince Ribbit (D:5)
  A blink frog (Bailey)
  6 yaks (D:11)
  A steam dragon (D:10)
  2 humans (Bailey)
  Eustachio (D:5)
  5 wargs
  An acid dragon (D:8)
  Duvessa (D:7)
  2 water moccasins
  4 orc warriors
  2 sky beasts
  An ice beast (D:6)
  An ogre (D:4)
  2 centaurs
  2 kobold brigands
  12 bullfrogs
  A gnoll sergeant (D:10)
  3 necrophages
  3 scorpions
  5 wights (D:9)
  Dowan (D:7)
  4 killer bees (D:11)
  6 howler monkeys
  4 hounds
  A gnoll shaman (D:8)
  8 orc priests
  A jelly (D:6)
  6 iguanas
  14 orc wizards
  Robin (D:2)
  12 gnolls
  15 adders
  A shadow imp (D:7)
  3 white imps
  2 ufetubi
  2 worms (D:4)
  3 dart slugs
  40 orcs
  6 endoplasms
  4 giant cockroaches
  15 goblins
  13 hobgoblins
  2 jackals (D:1)
  5 ball pythons
  4 bats
  2 frilled lizards
  16 kobolds
  8 rats
264 creatures vanquished.

Notes
Turn   | Place    | Note
-------+----------+-------------------------------------------
     0 | D:1      | grumblor the Mummy Fighter began the quest for the Orb.
     0 | D:1      | Reached XP level 1. HP: 18/18 MP: 1/1
   145 | D:1      | Reached XP level 2. HP: 24/24 MP: 2/2
   739 | D:2      | Reached skill level 4 in Fighting
   739 | D:2      | Gained mutation: You are in touch with the powers of death.
                  | [Mummy growth]
   739 | D:2      | Reached XP level 3. HP: 30/30 MP: 3/3
   745 | D:2      | Identified the +2 helmet of Vangonk {rElec rPois rF- Int+8}
   745 | D:2      | Noticed Robin
   783 | D:2      | Killed Robin
   880 | D:2      | Reached XP level 4. HP: 37/37 MP: 4/4
   881 | D:2      | Found a faded altar of an unknown god.
  1657 | D:3      | Reached XP level 5. HP: 43/43 MP: 5/5
  1748 | D:4      | Noticed Pikel
  1748 | D:4      | Noticed a lemure
  1748 | D:4      | Noticed a lemure
  1748 | D:4      | Noticed a lemure
  1748 | D:4      | Noticed a lemure
  1781 | D:4      | Killed Pikel
  1782 | D:4      | Reached skill level 5 in Fighting
  1782 | D:4      | Reached skill level 1 in Evocations
  1782 | D:4      | Reached XP level 6. HP: 18/51 MP: 6/6
  1782 | D:4      | Reached XP level 7. HP: 20/56 MP: 7/7
  2090 | D:4      | Found an ornate altar of the Wu Jian Council.
  2941 | D:4      | Reached skill level 6 in Fighting
  3127 | D:5      | Entered Level 5 of the Dungeon
  3129 | D:5      | Noticed Prince Ribbit
  3144 | D:5      | Reached XP level 8. HP: 33/65 MP: 8/8
  3165 | D:5      | Killed Prince Ribbit
  3166 | D:5      | Reached skill level 7 in Fighting
  3478 | D:5      | Noticed Eustachio
  3499 | D:5      | Killed Eustachio
  3592 | D:5      | Reached skill level 8 in Fighting
  3653 | D:5      | Found a broken altar of Ashenzari.
  3739 | D:5      | Found a burning altar of Makhleb.
  4002 | D:6      | Found a staircase to the Ecumenical Temple.
  4029 | D:6      | Reached skill level 9 in Fighting
  4029 | D:6      | Reached XP level 9. HP: 44/76 MP: 9/9
  4032 | Temple   | Entered the Ecumenical Temple
  4094 | Temple   | Became a worshipper of Gozag Ym Sagoz the Greedy
  4164 | D:6      | Found Tig Al Bio's Weapon Shoppe.
  4185 | D:6      | Found a hide-covered altar of Uskayaw.
  4562 | D:7      | Reached skill level 10 in Fighting
  4672 | D:7      | Found a flagged portal.
  4679 | Bailey   | Entered a bailey
  4739 | Bailey   | HP: 2/79 [human/+0 war axe (3)]
  4742 | Bailey   | Reached skill level 11 in Fighting
  4890 | Bailey   | Noticed a vault guard
  4924 | Bailey   | Killed a vault guard
  4925 | Bailey   | Reached skill level 12 in Fighting
  4925 | Bailey   | Reached XP level 10. HP: 90/90 MP: 10/10
  4979 | Bailey   | Noticed a vault guard
  5001 | Bailey   | Killed a vault guard
  5002 | Bailey   | Reached skill level 13 in Fighting
  5364 | D:7      | Noticed Dowan
  5366 | D:7      | Noticed Duvessa
  5374 | D:7      | Killed Duvessa
  5377 | D:7      | Killed Dowan
  5881 | D:8      | Found an iron altar of Okawaru.
  6243 | D:8      | Reached skill level 1 in Dodging
  7329 | D:9      | Reached skill level 5 in Axes
  7480 | D:10     | Entered Level 10 of the Dungeon
  7528 | D:10     | Noticed a five-headed hydra
  7544 | D:10     | Killed a seven-headed hydra
  7876 | D:10     | Found a staircase to the Orcish Mines.
  7885 | D:10     | Reached XP level 11. HP: 71/99 MP: 11/11
  7965 | D:10     | Found a blossoming altar of Fedhas.
  8212 | D:11     | Noticed a two-headed ogre
  8221 | D:11     | HP: 4/99 [two-headed ogre/+0 giant spiked club (33)]
  8224 | D:11     | Killed a two-headed ogre
  8661 | D:11     | Reached skill level 14 in Fighting
  8698 | D:11     | Reached skill level 5 in Evocations
  9222 | D:11     | HP: 2/100 [troll (10)]
  9222 | D:11     | Slain by a troll

Illustrated notes

Levels and vault maps discovered:
D:1:      matt_arrival_los_fun, layout_basic
D:2:      layout_basic, nicolae_ecumenical_snake_handling, uniq_robin
D:3:      layout_basic, minmay_box_of_dots
D:4:      layout_loops_corners, mainiacjoe_overflow_small_starburst,
          nzn_wu_jian_council_hall, minmay_mini_jars, uniq_pikel
D:5:      layout_basic, cheibrodos_ashenzari_chains,
          mainiacjoe_overflow_boulevard, uniq_prince_ribbit1, uniq_eustachio
D:6:      layout_basic, mainiacjoe_overflow_tiny_flanked,
          minmay_temple_entry_sparse_star, serial_shops,
          nicolae_shop_bloodbath_and_beyond, kennysheep_generic_room_6
D:7:      layout_loops_cross, enter_bailey_5, kennysheep_decorative_pillar,
          uniq_duvessa
D:8:      layout_loops_cross, mainiacjoe_overflow_cross_hatched
D:9:      layout_basic
D:10:     layout_rooms, mainiacjoe_overflow_six_doors_small,
          minmay_orc_entry_guard_dogs
D:11:     layout_roguey, erik_lair_orcish_takeover
Temple:   eino_wide_crystal_templ

Skill      XL: |  1  2  3  4  5  6  7  8  9 10 11 |
---------------+----------------------------------+-----
Axes           | 2 3 4 5 6 |  6.0
Fighting       | 4 5 6 9 12 13 14 | 14.3
Throwing       | 2 |  2.0
Armour         | 3 4 |  4.0
Evocations     | 1 2 4 5 |  5.1
Dodging        | 2 3 |  3.0
Shields        | 3 |  3.3

Action                   |  1- 3 |  4- 6 |  7- 9 | 10-12 || total
-------------------------+-------+-------+-------+-------++-------
Melee: War axe           |   102 |   103 |   421 |   393 ||  1019
Throw: Javelin           |       |     1 |     3 |     4 ||     8
       Throwing net      |       |       |     1 |       ||     1
       Boomerang         |       |       |       |     8 ||     8
       Dart              |       |       |       |    13 ||    13
Evoke: Wand              |       |       |     3 |    12 ||    15
  Use: Scroll            |     2 |     2 |     2 |     5 ||    11
 Stab: Paralysed         |       |       |    12 |       ||    12
       Distracted        |       |       |       |     3 ||     3
Armor: Scale mail        |    42 |    22 |       |       ||    64
       Chain mail        |       |    41 |   347 |       ||   388
       Plate armour      |       |       |       |   266 ||   266
Dodge: Dodged            |    46 |    43 |   178 |   134 ||   401
Block: Buckler           |    15 |    16 |   118 |    96 ||   245

Table legend: (Time is in decaauts)
 A = Elapsed time spent in this place.
 B = Non-inter-level travel time spent in this place.
 C = Inter-level travel time spent in this place.
 D = Time resting spent in this place.
 E = Time spent auto-exploring this place.
 F = Levels seen in this place.
 G = Mean time per level.
                   A        B        C        D        E       F      G
               +--------+--------+--------+--------+--------+-----+--------+
         Total |   9570 |   9415 |    155 |   1389 |   5544 |  13 |  736.2 |
       Dungeon |   8832 |   8691 |    141 |   1119 |   5390 |  11 |  802.9 |
        Temple |     76 |     62 |     14 |      0 |     48 |   1 |   76.0 |
        Bailey |    661 |    661 |      0 |    270 |    106 |   1 |  661.0 |
               +--------+--------+--------+--------+--------+-----+--------+

Top non-repeatable levels by time:
     D:4: 1423 daAuts
    D:11: 1097 daAuts
     D:9: 938 daAuts
     D:5: 852 daAuts
     D:7: 792 daAuts
     D:8: 711 daAuts
    D:10: 699 daAuts
     D:1: 673 daAuts
  Bailey: 661 daAuts
     D:3: 643 daAuts
     D:2: 506 daAuts
     D:6: 494 daAuts
  Temple: 76 daAuts
